 Dungeon Crawl Stone Soup version 0.29-a0-393-g47a863cc1b (webtiles) character file.

Game seed: 1997394977492539981

647 Lekart the Slasher (level 7, -2/61 HPs)
             Began as a Pale Draconian Chaos Knight on May 9, 2022.
             Was a Plaything of Xom.
             Splashed by a jelly's acid (7 damage)
             ... on level 5 of the Dungeon.
             The game lasted 00:07:49 (4512 turns).

Lekart the Slasher (Pale Draconian Chaos Knight)    Turns: 4512, Time: 00:07:49

Health: -2/61      AC:  4    Str: 14    XL:     7   Next: 27%
Magic:  7/7        EV: 13    Int: 14    God:    Xom [...*..]
Gold:   220        SH:  0    Dex: 13    Spells: 6/6 levels left

rFire   . . .      SeeInvis .   a - +0 falchion (chaos)
rCold   . . .      Faith    .   (no shield)
rNeg    . . .      Spirit   .   (body armour unavailable)
rPois   .          Reflect  .   h - +1 hat
rElec   .          Harm     .   (no cloak)
rCorr   .          Rampage  .   d - +0 pair of gloves
Will    .....                   (no boots)
Stlth   ++........              (no amulet)
HPRegen 0.20/turn               (no ring)
MPRegen 0.10/turn               (no ring)

@: corroded, invisible
A: breathe steam, AC +6, unfitting armour, cold-blooded, steam resistance,
clever 1
a: Breathe Steam, Renounce Religion


You were on level 5 of the Dungeon.
You worshipped Xom.
You were a favourite toy of Xom.
You visited 1 branch of the dungeon, and saw 5 of its levels.

You collected 220 gold pieces.

Inventory:

Hand Weapons
 a - a +0 falchion of chaos (weapon)
Missiles
 l - a boomerang (quivered)
Armour
 d - a +0 pair of gloves (worn)
 h - a +1 hat (worn)
Jewellery
 e - a +6 ring of strength
 f - a ring of wizardry
 g - a ring of see invisible
 m - a ring of ice
Wands
 k - a wand of flame (29)
 p - a wand of polymorph (4)
Scrolls
 n - 2 scrolls of fog
 r - a scroll of identify
Potions
 c - 2 potions of flight
 i - a potion of might
 o - 2 potions of curing
Miscellaneous
 b - a piece from Xom's chessboard (12/15)


   Skills:
 * Level 5.2 Fighting
 + Level 5.7 Long Blades
 + Level 1.0 Throwing
 + Level 3.7 Dodging
 - Level 2.4 Stealth
 + Level 1.4 Evocations


You had 6 spell levels left.
You didn't know any spells.
Your spell library contained the following spells:

 Spells                   Type           Power      Damage    Failure   Level
 Summon Guardian Golem    Hex/Summ       0%         N/A       65%         3
 Orb of Destruction       Conj           0%         9d5       100%        7
 Spellforged Servitor     Conj/Summ      0%         N/A       100%        7


Dungeon Overview and Level Annotations

Branches:
Dungeon (5/15)
 Temple: D:4-7

Altars:
Okawaru
Wu Jian
Zin
The Shining One

Annotations:
D:4 exclusion: 2 downstairs
D:5 Blork the orc, Crazy Yiuf


Innate Abilities, Weirdness & Mutations

You can breathe blasts of scalding, opaque steam.
Your pale cyan-grey scales are hard. (AC +6)
You cannot fit into any form of body armour.
You are cold-blooded and may be slowed by cold attacks.
You are immune to the effects of steam.
Your mind is acute. (Int +2)


Message History

The jelly is heavily wounded.
You have got your breath back.
The jelly hits you but does no damage.
The centaur zaps a wand.
The bolt of acid hits the jelly.
The jelly completely resists.
The bolt of acid misses you.
You barely miss the jelly.
You tail-slap the jelly, but do no damage.
The jelly is heavily wounded.
The jelly hits you.
You are splashed with acid!
* * * LOW HITPOINT WARNING * * *
The jelly completely misses you.
Okay, then.
Blink to where?
Press: ? - help, Dir - move target
Found a leather armour.
As you read the scroll of blinking, it crumbles to dust.
The centaur unwields a +0 short sword of holy wrath.
It stops glowing.
The centaur wields a +0 shortbow.
The centaur shoots an arrow.
The arrow hits you.
* * * LOW HITPOINT WARNING * * *
The centaur shoots an arrow.
The arrow barely misses you.
You fade into invisibility!
The centaur zaps a wand.
As you read the scroll labelled OVOXEETTAU, it crumbles to dust.
The scroll dissolves into smoke.
It was a scroll of fog.
The centaur zaps a wand.
The bolt of acid hits the jelly.
The jelly completely resists.
Okay, then.
The centaur shoots an arrow.
The arrow hits you.
* * * LOW HITPOINT WARNING * * *
You hear an angry buzzing noise.
You hit the jelly.
Your hands burn!
* * * LOW HITPOINT WARNING * * *
You tail-slap the jelly.
The jelly is severely wounded.
The jelly barely misses you. The jelly hits you.
* * * LOW HITPOINT WARNING * * *
You are splashed with acid!
You die...
Xom chortles!

####### # .......##
.# #..## .#
######.)####..#
##...### ....#
#§§J§...# #.# # ....#
#§§§§...# #.# ...#
##§§...####.. ..#
##...##....##
#.###### ######'##.#
...# ........
.....§..§.###..####..
.)......
......§c..#.y......#
........
.....§§.§...#.####...


You could see a jelly (berserk).

Vanquished Creatures
  2 phantoms
  2 howler monkeys
  4 jellies
  A hound (D:3)
  2 iguanas (D:4)
  2 orc wizards
  3 gnolls (D:5)
  4 adders
  A shadow imp (D:3)
  2 ufetubi (D:5)
  A worm (D:2)
  2 dart slugs
  5 orcs
  9 endoplasms
  3 giant cockroaches
  4 goblins
  8 hobgoblins
  3 kobolds
  A quokka (D:4)
  6 ball pythons
  A bat (D:2)
  A frilled lizard (D:2)
  3 rats (D:1)
70 creatures vanquished.

Notes
Turn   | Place    | Note
-------+----------+-------------------------------------------
     0 | D:1      | Lekart the Draconian Chaos Knight began the quest for the
                  | Orb.
     0 | D:1      | Reached XP level 1. HP: 19/19 MP: 1/1
    45 | D:1      | Found a faded altar of an unknown god.
    45 | D:1      | XOM: silly message
   314 | D:1      | XOM: 4-stop teleportation journey
   621 | D:1      | Reached XP level 2. HP: 26/26 MP: 2/2
  1067 | D:2      | XOM: butterfly on damage
  1076 | D:1      | XOM: confusion (+ monsters)
  1357 | D:2      | XOM: give mutation
  1357 | D:2      | Gained mutation: Your mind is acute. (Int +2) [Xom's grace]
  1444 | D:2      | XOM: confuse monster(s)
  1446 | D:2      | Reached XP level 3. HP: 24/33 MP: 3/3
  1893 | D:3      | Identified the +0 leather armour "Ewotarghu" {Rampage}
  2229 | D:3      | Reached XP level 4. HP: 40/40 MP: 4/4
  2385 | D:3      | Found an iron altar of Okawaru.
  2606 | D:4      | Found an ornate altar of the Wu Jian Council.
  2749 | D:4      | XOM: scenery: summon butterflies
  2832 | D:4      | Reached XP level 5. HP: 46/46 MP: 5/5
  2872 | D:4      | XOM: potion effect (haste)
  2879 | D:4      | Reached skill level 1 in Stealth
  2910 | D:4      | Found a glowing golden altar of the Shining One.
  3301 | D:4      | Noticed a phantom
  3312 | D:4      | Killed a phantom
  3313 | D:4      | Reached skill level 5 in Long Blades
  3313 | D:4      | Reached XP level 6. HP: 45/53 MP: 6/6
  3405 | D:4      | Found a glowing silver altar of Zin.
  3444 | D:5      | Entered Level 5 of the Dungeon
  3449 | D:5      | Reached skill level 1 in Evocations
  3515 | D:5      | XOM: scenery: summon butterflies
  3556 | D:5      | XOM: cloud trail
  3577 | D:5      | Found a runed translucent door.
  3578 | D:5      | Noticed Crazy Yiuf
  3583 | D:5      | Noticed Crazy Yiuf
  3583 | D:5      | Crazy Yiuf changed into Crazy Yiuf the water moccasin
  3586 | D:5      | XOM: noise
  3844 | D:5      | XOM: fake destruction
  3849 | D:4      | XOM: summons 2 friendly demons
  3852 | D:4      | HP: 1/53 [iguana (2)]
  3913 | D:3      | XOM: cloud trail
  4209 | D:5      | Noticed Blork the orc
  4225 | D:5      | XOM: scenery: summon butterflies
  4366 | D:5      | Reached skill level 1 in Throwing
  4366 | D:5      | Your scales start taking on a pale cyan-grey colour.
  4366 | D:5      | Reached XP level 7. HP: 41/60 MP: 7/7
  4366 | D:5      | Gained mutation: You are immune to the effects of steam.
                  | [Pale Draconian growth]
  4419 | D:5      | Noticed Crazy Yiuf
  4419 | D:5      | Crazy Yiuf the water moccasin changed into Crazy Yiuf the
                  | hornet
  4492 | D:5      | XOM: fog
  4502 | D:5      | Reached skill level 5 in Fighting
  4512 | D:5      | Splashed by a jelly's acid

Illustrated notes

Levels and vault maps discovered:
D:1:      dpeg_arrival_orchard, layout_basic, hellmonk_ecumenical_altar_lost_god
D:2:      layout_rooms
D:3:      layout_loops_ring, okawaru_trees_1
D:4:      layout_loops_cross, mainiacjoe_overflow_small_starburst,
          nzn_wu_jian_council_hall, zin_treasury, dk_noncrumbling_3
D:5:      kennysheep_six_static_rooms, layout_rooms, uniq_crazy_yiuf_cottage,
          uniq_blork_the_orc

Skill      XL: |  1  2  3  4  5  6  7 |
---------------+----------------------+-----
Fighting       | 4 5 |  5.2
Long Blades    | 4 5 |  5.7
Dodging        | 3 |  3.7
Stealth        | 2 |  2.4
Evocations     | 1 |  1.4
Throwing       | 1 |  1.0

Action                   |  1- 3 |  4- 6 |  7- 9 || total
-------------------------+-------+-------+-------++-------
Melee: Falchion          |   107 |   109 |    22 ||   238
       Tailslap          |    15 |    16 |     8 ||    39
       Punch             |     2 |     2 |     1 ||     5
Throw: Boomerang         |       |    10 |       ||    10
 Abil: Breathe Steam     |       |       |     2 ||     2
Evoke: Piece from Xom's  |       |    13 |       ||    13
       Wand              |       |     2 |     1 ||     3
  Use: Scroll            |     5 |     2 |     2 ||     9
       Potion            |     2 |     1 |     1 ||     4
 Stab: Confused          |       |     2 |       ||     2
       Sleeping          |       |     1 |       ||     1
       Paralysed         |       |     4 |       ||     4
Armor: Skin              |    48 |    40 |     7 ||    95
Dodge: Dodged            |    81 |    99 |    14 ||   194

Table legend: (Time is in decaauts)
 A = Elapsed time spent in this place.
 B = Non-inter-level travel time spent in this place.
 C = Inter-level travel time spent in this place.
 D = Time resting spent in this place.
 E = Time spent auto-exploring this place.
 F = Levels seen in this place.
 G = Mean time per level.
                   A        B        C        D        E       F      G
               +--------+--------+--------+--------+--------+-----+--------+
         Total |   4525 |   4308 |    217 |    909 |   2720 |   5 |  905.0 |
       Dungeon |   4525 |   4308 |    217 |    909 |   2720 |   5 |  905.0 |
               +--------+--------+--------+--------+--------+-----+--------+

Top non-repeatable levels by time:
     D:4: 1357 daAuts
     D:1: 1271 daAuts
     D:3: 935 daAuts
     D:2: 629 daAuts
     D:5: 332 daAuts
